Map: Romanticide LE

Players

MysteryMan (Rilakkuma)

  • Race: Zerg Zerg
  • Spawn Location: 11:00

Rex - Winner!

  • Race: Zerg Zerg
  • League: Master
  • Spawn Location: 5:00

Event: DreamHack SC2 Masters 2020 Winter

VOD

Have the link to the VOD?

Description

Time

  • Played on: Oct. 22, 2020, 8:56 a.m.
  • Length: 11:41

All games in this series

Show
View Real Time Build Order
Export as new Build Order

MysteryMan Zerg 

Build Orders: Pool First, Roach Hydra 

Get SALT Encoding   

  12  0:00  Drone  
  13  0:12  Overlord  
  13  0:17  Drone  
  14  0:30  Drone x2  
  14  0:34  Drone  
  17  0:44  Spawning Pool  
  17  0:47  Drone  
  17  1:07  Hatchery  
  17  1:11  Drone  
  17  1:13  Drone  
  17  1:16  Extractor  
  17  1:30  Queen  
  17  1:31  Zergling x2  
  17  1:32  Zergling x2  
  21  1:40  Overlord  
  21  1:52  Drone  
  22  2:00  Drone  
  23  2:06  Queen  
  25  2:10  Drone  
  26  2:19  Queen  
  26  2:20  Drone  
  26  2:22  Drone  
  30  2:27  Baneling Nest  
  29  2:31  Drone  
  29  2:33  Drone  
  30  2:45  Queen  
  30  2:47  Drone  
  30  2:48  Drone  
  30  2:50  Drone  
  34  2:56  Overlord  
  35  3:05  Overlord  
  35  3:11  Evolution Chamber, Drone  
  35  3:15  Drone x3  
  35  3:16  Drone  
  35  3:17  Drone  
  40  3:24  Roach Warren  
  39  3:30  Drone x3  
  42  3:36  Lair  
  42  3:40  Zerg Missile Weapons Level 1  
  42  3:46  Evolution Chamber  
  42  3:47  Drone x2  
  43  3:49  Drone  
  43  3:51  Drone  
  43  3:54  Drone, Extractor  
  45  3:55  Extractor  
  45  3:58  Drone  
  45  3:59  Drone  
  45  4:02  Overlord  
  46  4:05  Drone x2  
  46  4:07  Drone  
  49  4:12  Drone x2  
  49  4:16  Overlord  
  51  4:25  Roach x3  
  51  4:30  Roach  
  59  4:32  Overlord  
  59  4:38  Extractor  
  58  4:40  Drone  
  58  4:42  Zerg Ground Armor Level 1  
  59  4:47  Hatchery  
  59  4:51  Drone x3  
  61  4:54  Roach  
  61  4:59  Roach x2  
  67  5:03  Roach  
  69  5:08  Overlord  
  69  5:12  Drone x5  
  74  5:17  Overlord  
  74  5:24  Overlord  
  74  5:27  Overlord  
  74  5:28  Drone  
  75  5:30  Overseer  
  75  5:39  Drone x2  
  75  5:41  Zerg Missile Weapons Level 2  
  77  5:43  Drone x3  
  77  5:49  Drone x4  
  85  5:50  Drone  
  87  5:57  Roach  
  87  5:59  Overseer  
  87  6:01  Pneumatized Carapace  
  87  6:02  Overlord  
  87  6:05  Extractor, Roach  
  87  6:07  Roach  
  87  6:09  Glial Reconstitution  
  90  6:11  Overlord  
  90  6:12  Roach  
  92  6:20  Roach x3  
  92  6:24  Roach x4  
  92  6:25  Roach  
  108  6:29  Overlord  
  108  6:30  Extractor  
  107  6:33  Roach  
  107  6:38  Roach  
  107  6:39  Roach x4  
  119  6:41  Spore Crawler  
  119  6:42  Spore Crawler  
  119  6:45  Spore Crawler  
  116  6:54  Drone  
  116  6:55  Drone x3, Hydralisk Den  
  116  6:56  Spore Crawler  
  118  7:01  Overlord  
  118  7:03  Drone  
  118  7:04  Drone x2, Infestation Pit  
  118  7:08  Spore Crawler  
  119  7:09  Burrow  
  119  7:20  Overlord  
  119  7:28  Grooved Spines  
  119  7:34  Overlord x3  
  119  7:50  Hydralisk  
  120  7:55  Hydralisk x5  
  120  7:56  Hydralisk x4  
  130  8:01  Hydralisk  
  130  8:02  Hydralisk  
  132  8:08  Hydralisk  
  132  8:10  Roach  
  132  8:11  Roach  
  126  8:18  Roach x10  
  120  8:25  Hydralisk x4  
  122  8:29  Roach x2  
  122  8:33  Queen, Hydralisk x2  
  118  8:42  Roach x2  
  118  8:43  Roach x2  
  118  8:46  Muscular Augments  
  116  8:49  Roach  
  116  8:50  Roach  
  116  8:58  Roach x4  
  124  9:04  Tunneling Claws  
  124  9:06  Overlord x2  
  124  9:14  Roach x3  
  129  9:24  Queen  
  129  9:28  Spore Crawler  
  129  9:29  Hydralisk  
  129  9:30  Hydralisk x3  
  136  9:37  Hydralisk  
  136  9:38  Hydralisk  
  127  9:48  Hydralisk  
  128  9:59  Hydralisk  
  124  10:05  Hydralisk x3  
  104  10:11  Hydralisk x2  
  104  10:12  Roach x3, Hydralisk  
  82  10:31  Hydralisk  
  82  10:32  Hydralisk x2  
  82  10:34  Hydralisk  
  82  10:37  Drone x2  
  82  10:42  Hydralisk x2  
  84  10:53  Hydralisk x3  
  90  11:03  Hydralisk  
  90  11:04  Hydralisk x2  
  84  11:11  Hydralisk x2  
Show
View Real Time Build Order
Export as new Build Order

Rex Zerg - Winner!

Build Orders: Pool First 

Get SALT Encoding   

  12  0:00  Drone  
  13  0:12  Overlord  
  13  0:16  Drone  
  14  0:31  Drone x2  
  16  0:40  Spawning Pool  
  15  0:44  Drone  
  15  0:48  Drone  
  17  1:10  Hatchery  
  16  1:12  Drone  
  17  1:26  Extractor  
  17  1:27  Zergling x4  
  17  1:28  Zergling x2  
  19  1:33  Queen  
  19  1:39  Overlord  
  21  1:50  Drone  
  23  2:01  Drone  
  23  2:08  Queen  
  23  2:13  Drone  
  26  2:22  Drone x2  
  28  2:23  Queen  
  28  2:28  Metabolic Boost  
  30  2:33  Drone x2  
  31  2:46  Drone x2  
  31  2:49  Drone x3  
  35  2:53  Baneling Nest  
  34  2:58  Overlord  
  34  3:06  Drone x2  
  36  3:23  Hatchery  
  36  3:26  Drone x4  
  39  3:29  Drone  
  39  3:30  Drone  
  41  3:39  Lair  
  41  3:40  Overlord  
  41  3:42  Zergling x2  
  41  3:44  Extractor  
  41  3:47  Overlord  
  41  3:52  Drone x2  
  41  3:53  Drone  
  41  3:54  Extractor  
  43  4:00  Drone x4  
  47  4:04  Drone x2  
  47  4:07  Drone  
  47  4:08  Drone  
  51  4:13  Overlord  
  51  4:14  Extractor  
  50  4:19  Drone  
  50  4:22  Drone  
  52  4:25  Zergling x2  
  52  4:26  Overlord  
  53  4:33  Zergling x12  
  59  4:39  Spire  
  59  4:42  Drone  
  59  4:46  Overlord  
  59  4:48  Zergling x4  
  60  4:54  Overlord  
  60  5:01  Drone x7  
  60  5:03  Drone  
  68  5:08  Overlord  
  68  5:13  Extractor  
  66  5:15  Extractor  
  65  5:34  Spine Crawler x2  
  63  5:35  Spine Crawler  
  63  5:38  Spine Crawler  
  63  5:40  Drone  
  63  5:41  Drone x3  
  64  5:51  Mutalisk x7  
  64  5:53  Mutalisk  
  80  5:59  Zerg Flyer Weapons Level 1  
  80  6:05  Drone x2  
  80  6:06  Drone x3  
  80  6:07  Drone  
  80  6:09  Drone  
  87  6:16  Overlord  
  87  6:17  Mutalisk  
  87  6:18  Mutalisk  
  89  6:23  Mutalisk  
  89  6:25  Mutalisk  
  94  6:31  Mutalisk x2  
  98  6:37  Mutalisk  
  99  6:40  Zergling x8  
  103  6:48  Drone x6  
  109  6:54  Mutalisk x2  
  109  6:57  Drone  
  114  7:05  Burrow  
  114  7:12  Overlord x3  
  112  7:26  Overlord  
  112  7:28  Mutalisk  
  112  7:31  Hatchery  
  112  7:32  Mutalisk x4  
  112  7:36  Mutalisk  
  120  7:40  Zergling x2  
  120  7:41  Zergling x18  
  119  7:53  Mutalisk x3  
  119  7:58  Zergling x10  
  124  8:01  Zergling x4  
  118  8:08  Zergling x2  
  118  8:09  Zergling x4  
  115  8:15  Mutalisk  
  115  8:19  Mutalisk  
  116  8:22  Zergling x6  
  116  8:24  Drone  
  112  8:31  Overseer  
  112  8:32  Drone x4  
  116  8:36  Drone  
  113  8:42  Zergling x4  
  113  8:43  Pneumatized Carapace  
  113  8:45  Drone x3  
  118  8:50  Drone x3  
  118  8:55  Drone x3  
  124  9:01  Queen  
  126  9:06  Baneling x3  
  126  9:07  Zergling x8  
  130  9:12  Baneling x2  
  130  9:14  Zergling x4  
  132  9:20  Zergling x12  
  132  9:24  Zergling x2  
  132  9:28  Baneling  
  132  9:29  Baneling x5  
  131  9:32  Zergling x8  
  131  9:34  Baneling x6  
  131  9:37  Zergling x8  
  131  9:38  Zergling x2  
  140  9:39  Baneling x2  
  140  9:42  Zergling x2  
  140  9:45  Baneling x10  
  133  9:53  Baneling x4  
  133  9:56  Zergling x12  
  131  10:02  Zergling x4  
  120  10:10  Zergling x6  
  120  10:12  Drone x32  
  120  10:14  Zergling x2  
  109  10:19  Zergling x10  
  108  10:22  Overseer  
  108  10:28  Overseer  
  106  10:32  Mutalisk x4  
  111  10:37  Drone x2  
  113  10:48  Drone x2  
  115  10:50  Hatchery  
  113  10:57  Mutalisk x2  
  116  11:06  Zergling x2  
  116  11:07  Zergling x10  
  116  11:10  Zergling x2  
  117  11:13  Zergling x6  
  107  11:20  Zergling x2  
Tags
 
Add a new tag
Caveats
  • Supply blocks, unpowered buildings, or Contaminate may cause inaccurate times.
  • Supply counts are checked every 10 seconds.